 Dungeon Crawl Stone Soup version 0.31.0-12-g77e489cdc1 (webtiles) character file.

Game seed: 2488776329386872680

61621 spaghetti the Fighter (level 14, -5/130 HPs)
             Began as a Demonspawn Chaos Knight on Feb 16, 2024.
             Was a Plaything of Xom.
             Killed from afar by an acid dragon (32 damage)
             ... with a splash of acid
             ... on level 12 of the Dungeon.
             The game lasted 00:30:38 (13766 turns).

spaghetti the Fighter (Demonspawn Chaos Knight)    Turns: 13766, Time: 00:30:39

Health: -5/130     AC:  5    Str: 11    XL:     14   Next: 61%
Magic:  4/20       EV: 27    Int: 18    God:    Xom [*.....]
Gold:   1812       SH:  0    Dex: 31    Spells: 7/21 levels left

rFire   . . .        p - +6 great sword of Crystal {chaos, ^Fragile Int+6 Dex+3}
rCold   x . .        (shield currently unavailable)
rNeg    . . .        Q - +0 leather armour of Anaesthesia {rC- Regen+ Dex+6}
rPois   .            (helmet restricted)
rElec   .            (no cloak)
rCorr   .            t - +0 pair of gloves
SInv    .            e - +0 pair of boots
Will    ++...        r - amulet of regeneration
Stlth   +++++        Y - +4 ring of protection
HPRegen 2.01/turn    S - +5 ring of evasion
MPRegen 0.17/turn

%: no passive effects
@: about to teleport, fugue, corroded
A: molten scales 1, powered by death 2, spiny 2, demonic touch 2, antennae 1,
agile 1, strong-willed 1, robust 1, MP-powered wands
a: Renounce Religion


You were on level 12 of the Dungeon.
You worshipped Xom.
You were a special plaything of Xom.
You visited 3 branches of the dungeon, and saw 18 of its levels.
You also visited: Bailey.

You collected 2190 gold pieces.
You spent 378 gold pieces at shops.

Inventory:

Hand Weapons
 a - a +0 short sword of chaos
 d - a +2 antimagic demon blade
 g - a +0 quick blade of draining
 p - the +6 great sword of Crystal (weapon) {chaos, ^Fragile Int+6 Dex+3}
   (Xom gifted it to you on level 4 of the Dungeon)

   Int+6:     It affects your intelligence (+6).
   Dex+3:     It affects your dexterity (+3).
   ^Fragile:  It will be destroyed if unequipped.
 H - the +5 dagger of Mordant Offence {drain, rF+ rCorr}
   (You found it on level 7 of the Dungeon)

   rF+:       It protects you from fire.
   rCorr:     It protects you from acid and corrosion.
Missiles
 n - 2 throwing nets (quivered)
 M - 16 boomerangs
 P - 3 curare-tipped darts
Armour
 b - a +2 leather armour
 e - a +0 pair of boots (worn)
 f - a +1 helmet
 t - a +0 pair of gloves (worn)
 D - the +5 ring mail of Diysa {Rampage rF+}
   (You found it on level 5 of the Dungeon)

   rF+:       It protects you from fire.
   Rampage:   It bestows one free step when moving towards enemies.
 Q - the +0 leather armour of Anaesthesia (worn) {rC- Regen+ Dex+6}
   (You found it on level 1 of the Lair of Beasts)

   Dex+6:     It affects your dexterity (+6).
   rC-:       It makes you vulnerable to cold.
   Regen+:    It increases your rate of health regeneration.
Jewellery
 l - a ring of willpower
 r - an amulet of regeneration (around neck)
 v - a ring of ice
 y - a ring of willpower
 S - a +5 ring of evasion (right hand)
 V - a +6 ring of dexterity
 Y - a +4 ring of protection (left hand)
Wands
 i - a wand of paralysis (22)
 q - a wand of polymorph (25)
 w - a wand of flame (27)
 E - a wand of mindburst (2)
 T - a wand of roots (8)
Scrolls
 c - 3 scrolls of butterflies
 o - 3 scrolls of teleportation
 s - 4 scrolls of noise
 u - 2 scrolls of immolation
 x - a scroll of fear
 A - 2 scrolls of blinking
 B - 3 scrolls of amnesia
 C - 4 scrolls of vulnerability
 F - 2 scrolls of enchant armour
 G - a scroll of enchant weapon
 I - 2 scrolls of poison
 L - 4 scrolls of fog
 O - 3 scrolls of identify
 U - 2 scrolls of revelation
 W - a scroll of silence
Potions
 h - 2 potions of lignification
 j - a potion of curing
 k - 2 potions of degeneration
 z - a potion of attraction
 J - a potion of ambrosia
 K - 4 potions of resistance
 N - 2 potions of cancellation
 R - a potion of haste
 X - a potion of enlightenment
Miscellaneous
 m - a phial of floods (inert)


   Skills:
 + Level 13.8 Fighting
 - Level 6.9(7.0) Short Blades
 - Level 0.2(4.2) Long Blades
 - Level 10.4 Armour
 + Level 9.5 Dodging
 - Level 10.5 Stealth
 - Level 4.1 Spellcasting
 + Level 6.5 Summonings
 - Level 9.3 Necromancy


You had 7 spell levels left.
You knew the following spells:

 Your Spells              Type           Power      Damage    Failure   Level
a - Fugue of the Fallen   Necr           37%        N/A       1%          3
b - Animate Dead          Necr           37%        N/A       3%          4
c - Call Canine Familiar  Summ           27%        N/A       3%          3
d - Martyr's Knell        Necr/Summ      32%        N/A       7%          4

Your spell library contained the following spells:

 Spells                   Type           Power      Damage    Failure   Level
 Vampiric Draining        Necr           37%        2d8       1%          3
 Dispel Undead            Necr           37%        3d15      3%          4
 Magic Dart               Conj           12%        1d3       19%         1
 Momentum Strike          Conj/Tloc      6%         3d8       26%         2
 Scorch                   Fire           6%         2d5       26%         2
 Searing Ray              Conj           6%         2d4       26%         2
 Inner Flame              Hex/Fire       3%         N/A       47%         3
 Ozocubu's Armour         Ice            3%         N/A       47%         3
 Sigil of Binding         Hex            3%         N/A       47%         3
 Airstrike                Air            1%         2d(1-17)  87%         4
 Dimensional Bullseye     Hex/Tloc       1%         N/A       87%         4
 Flame Wave               Conj/Fire      3%         2d5       87%         4
 Fulminant Prism          Conj/Alch      1%         3d5       87%         4
 Manifold Assault         Tloc           3%         N/A       87%         4
 Passage of Golubria      Tloc           3%         N/A       87%         4
 Summon Cactus Giant      Summ           13%        N/A       88%         6
 Fireball                 Conj/Fire      1%         3d3       99%         5
 Irradiate                Conj/Alch      1%         3d12      99%         5
 Silence                  Hex/Air        1%         N/A       99%         5
 Haunt                    Necr/Summ      16%        N/A       99%         7
 Sculpt Simulacrum        Ice/Alch       1%         N/A       100%        6
 Ignition                 Fire           1%         3d3       100%        8
 Infestation              Necr           18%        N/A       100%        8
 Lehudib's Crystal Spear  Conj/Erth      1%         10d2      100%        8


Dungeon Overview and Level Annotations

Branches:
Dungeon (12/15)            Temple (0/1) D:7            Lair (5/5) D:8
  Swamp (0/4) Lair:2        Snake (0/4) Lair:3        Slime (0/5) Lair:5
    Orc (1/2) D:10         Bailey (visited)

Altars:
Cheibriados
Dithmenos
Fedhas

Shops:
D:7 (   D:10 [(

Annotations:
Lair:5 exclusion: 3 oklob plants


Innate Abilities, Weirdness & Mutations

You are partially covered in molten scales. (AC +2)
You regenerate health from kills.
You are mostly covered in sharp spines.
Your touch may inflict irresistible damage on your foes.
You have a pair of small antennae on your head.
You are agile. (Dex +4, Str/Int -1)
You are strong-willed. (Will+)
You are robust. (+10% HP)
You expend magic power (3 MP) to strengthen your wands.


Message History

Unknown command.
You barely miss the skeletal warrior.
The skeletal warrior is lightly damaged.
The skeletal warrior is struck by your spines.
The skeletal warrior misses you.
The skeletal warrior hits you with a +0 scimitar.
The acid dragon misses you. x2
The skeletal warrior hits you with a +0 mace!
* * * LOW HITPOINT WARNING * * *
The skeletal warrior misses you. The acid dragon spits acid at you.
The splash of acid hits you!
* * * LOW HITPOINT WARNING * * *
The acid corrodes you!
The skeletal warrior hits you with a +0 scimitar.
* * * LOW HITPOINT WARNING * * *
Unknown command.
Unknown command.
Blink to where?
Press: ? - help, Dir - move target
As you read the scroll of blinking, it crumbles to dust.
The skeletal warrior hits your martyred shade with a +0 mace!!
Okay, then.
Okay, then.
Found 15 gold pieces.
Your martyred shade disappears in a puff of smoke!
Found an escape hatch in the floor.
Found a scroll of blinking.
The acid dragon spits acid at you. The splash of acid hits you!!
* * * LOW HITPOINT WARNING * * *
The acid corrodes you!
The wailing of tortured souls fills the air!
As you read the scroll of teleportation, it crumbles to dust.
You feel strangely unstable.
Found a hand axe.
The acid dragon spits acid at you. The splash of acid hits you!!
You die...
Xom cackles wildly!

...........$....#....
....................
....................
####................
#....z..........#
#...............#
#####...z..D.....####
#..........z.........
#...@.........##...
#.............# ..
#..........####
#..........#
#..........# .
#..........#
####........
#).......


You could see 3 skeletal warriors and an acid dragon (catching breath).

Vanquished Creatures
  An orc warlord (Bailey)
  4 hydras
  Fannar (D:11)
  2 catoblepae
  A boulder beetle (D:11)
  3 death yaks
  A two-headed ogre (D:9)
  A skyshark (Lair:3)
  A skeletal warrior (D:12)
  An oklob plant (Lair:3)
  3 lindwurms (Lair:5)
  A cyclops (D:12)
  2 manticores
  4 black mambas
  5 elephants
  7 cane toads
  5 torpor snails (Lair:5)
  2 rime drakes
  An unseen horror (D:11)
  10 komodo dragons
  5 polar bears
  2 tyrant leeches (Lair:5)
  11 hornets
  2 dream sheep (Lair:5)
  23 blink frogs
  3 shadows
  23 yaks
  8 wyverns
  3 wraiths
  Grum (D:10)
  2 steam dragons
  6 basilisks
  5 vampire mosquitoes
  Menkaure (D:5)
  A naga (Lair:3)
  A swamp worm (Lair:3)
  17 water moccasins
  2 acid dragons
  11 orc warriors
  2 black bears
  A dream sheep zombie (Lair:5)
  2 ice beasts (D:8)
  2 ogres
  20 wolves
  2 centaurs
  A phantom (D:5)
  2 kobold brigands
  17 bullfrogs
  A scorpion (D:6)
  5 wights (D:8)
  2 hornet simulacra (D:8)
  A killer bee (shapeshifter) (D:8)
  An electric eel (Lair:1)
  3 howler monkeys (D:9)
  A bombardier beetle (D:4)
  2 jellies
  2 gnoll boudas
  2 hounds
  4 orc priests
  3 iguanas
  14 orc wizards
  5 hell rats
  3 killer bee simulacra (D:8)
  Robin (D:4)
  7 gnolls
  6 adders
  2 shadow imps
  4 white imps (D:8)
  A howler monkey simulacrum (D:8)
  3 ufetubi
  A dart slug (D:2)
  3 ribbon worms (D:2)
  29 orcs
  9 endoplasms
  4 giant cockroaches
  17 goblins
  7 hobgoblins
  5 quokkas
  4 ball pythons
  3 bats
  A frilled lizard (D:3)
  20 kobolds
  3 rats
  A butterfly (Lair:4)
412 creatures vanquished.

Vanquished Creatures (collateral kills)
  A death yak (Lair:5)
  A lindwurm (Lair:5)
  A sun moth (Lair:5)
  A manticore (Lair:5)
  A salamander (Lair:5)
  8 elephants
  2 black mambas
  Joseph (D:10)
  2 cane toads
  3 rime drakes
  A komodo dragon (Lair:1)
  A polar bear (Lair:1)
  3 hornets
  6 blink frogs
  2 tyrant leeches (Lair:5)
  2 dream sheep (Lair:5)
  7 yaks
  A golden eye (Lair:2)
  A water moccasin (Lair:5)
  5 wolves
  A wight (D:8)
  4 hell rats
  A gnoll (D:5)
  A white imp (D:8)
  3 orcs (D:4)
  2 goblins (D:4)
  A quokka (Bailey)
  2 kobolds (D:9)
  4 butterflies (Lair:4)
69 creatures vanquished.

Vanquished Creatures (others)
  A dancing weapon (D:5)
  An elephant (Lair:2)
  A hydra zombie (Lair:2)
  A black mamba zombie (Lair:5)
  A wyvern (Lair:2)
  A cane toad zombie (Lair:2)
  A blink frog zombie (Lair:5)
  2 hornet zombies (Lair:5)
  4 elephant zombies (Lair:2)
  A lindwurm zombie (Lair:5)
  A rime drake zombie (Lair:5)
  2 water moccasin zombies
  2 yak zombies
  A naga zombie (Lair:3)
  2 hell rat zombies (Lair:4)
  5 orc zombies (D:10)
  4 goblins (D:7)
  5 kobold zombies (D:9)
36 creatures vanquished.

Grand Total: 517 creatures vanquished

Notes
Turn   | Place    | Note
-------+----------+-------------------------------------------
     0 | D:1      | spaghetti the Demonspawn Chaos Knight began the quest for
                  | the Orb.
     0 | D:1      | Reached XP level 1. HP: 18/18 MP: 1/1
    13 | D:1      | XOM: silly message
    84 | D:1      | XOM: silly message
    98 | D:1      | Reached skill level 1 in Stealth
   144 | D:1      | XOM: silly message
   201 | D:1      | XOM: divination: detect items
   229 | D:1      | Gained mutation: You are partially covered in molten
                  | scales. (AC +2) [demonic ancestry]
   229 | D:1      | Reached XP level 2. HP: 23/24 MP: 2/2
   378 | D:1      | XOM: silly message
   433 | D:1      | XOM: 3-stop teleportation journey
   578 | D:1      | XOM: give mutations
   578 | D:1      | Gained mutation: You are agile. (Dex +4, Str/Int -1) [Xom's
                  | grace]
   578 | D:1      | Gained mutation: You are robust. (+10% HP) [Xom's grace]
   698 | D:1      | Identified a scroll of acquirement
   699 | D:1      | Acquired a +0 quick blade of draining
   876 | D:1      | XOM: god gift: scroll of butterflies
   970 | D:1      | Found a faded altar of an unknown god.
  1190 | D:2      | Reached XP level 3. HP: 29/31 MP: 3/3
  1256 | D:2      | XOM: god gift: 964 gold pieces
  1284 | D:2      | XOM: smoke on damage
  1407 | D:2      | XOM: god gift: ring mail {god gift}
  1516 | D:2      | Gained mutation: You regenerate a little health from kills.
                  | [demonic ancestry]
  1516 | D:2      | Reached XP level 4. HP: 38/38 MP: 4/4
  2220 | D:3      | XOM: god gift: phial of floods
  2424 | D:4      | XOM: summons 2 friendly demons
  2432 | D:4      | Gained mutation: Your touch may inflict minor irresistible
                  | damage on your foes. [demonic ancestry]
  2432 | D:4      | Reached XP level 5. HP: 45/45 MP: 5/5
  2460 | D:4      | Noticed an ogre
  2465 | D:4      | an ogre changed into a goblin
  2465 | D:4      | XOM: polymorph ogre -> goblin
  2561 | D:4      | XOM: cloud trail
  2585 | D:4      | Identified the +6 great sword of Crystal {flame, ^Fragile
                  | Int+6 Dex+3} (Xom gifted it to you on level 4 of the
                  | Dungeon)
  2585 | D:4      | XOM: god gift: +6 great sword of Crystal {chaos, ^Fragile
                  | Int+6 Dex+3}
  2978 | D:4      | Noticed an ogre
  2985 | D:4      | Killed an ogre
  2986 | D:4      | Reached XP level 6. HP: 47/51 MP: 6/6
  3072 | D:4      | Noticed Robin
  3077 | D:4      | XOM: smoke on damage
  3078 | D:4      | Killed Robin
  3340 | D:4      | XOM: 2-stop teleportation journey
  3373 | D:5      | Entered Level 5 of the Dungeon
  3388 | D:5      | Noticed a yak
  3390 | D:5      | Noticed a yak
  3392 | D:5      | Noticed a yak
  3392 | D:5      | Noticed a yak
  3487 | D:5      | Killed a yak
  3488 | D:5      | Reached skill level 4 in Fighting
  3488 | D:5      | Reached skill level 5 in Short Blades
  3490 | D:5      | Killed a yak
  3491 | D:5      | Reached XP level 7. HP: 60/60 MP: 7/7
  3522 | D:5      | Reached skill level 5 in Stealth
  3575 | D:5      | Reached skill level 5 in Fighting
  3659 | D:5      | Gained mutation: You are partially covered in sharp spines.
                  | [demonic ancestry]
  3659 | D:5      | Reached XP level 8. HP: 56/68 MP: 8/8
  3750 | D:5      | Learned a level 3 spell: Fugue of the Fallen
  3755 | D:5      | Noticed Menkaure
  3760 | D:5      | Killed Menkaure
  3788 | D:5      | Reached skill level 1 in Necromancy
  3822 | D:5      | Reached skill level 1 in Spellcasting
  3952 | D:5      | Identified the +5 ring mail of Diysa {Rampage rF+}
  4153 | D:6      | XOM: stealth player
  4292 | D:6      | XOM: god gift: club {god gift}
  4295 | D:6      | Reached skill level 6 in Fighting
  4324 | D:6      | You fall into a shaft and drop 2 floors!
  4367 | D:8      | an ice beast changed into a shapeshifter
  4367 | D:8      | Noticed a shapeshifter (shapeshifter)
  4367 | D:8      | XOM: polymorph ice beast -> shapeshifter
  4367 | D:8      | a shapeshifter changed into a killer bee
  4405 | D:8      | Gained mutation: Your touch may inflict irresistible damage
                  | on your foes. [demonic ancestry]
  4405 | D:8      | Reached XP level 9. HP: 59/75 MP: 12/12
  4619 | D:7      | Found a staircase to the Ecumenical Temple.
  4655 | D:7      | Identified the +5 dagger of Mordant Offence {drain, rF+
                  | rCorr}
  4733 | D:7      | Learned a level 4 spell: Animate Dead
  4755 | D:7      | Found Baty's Antique Weapon Boutique.
  4763 | D:7      | Bought a runed demon blade for 378 gold pieces
  4868 | D:7      | Found a flagged portal.
  4889 | Bailey   | Entered a bailey
  4894 | Bailey   | Noticed an orc warlord
  4933 | Bailey   | Found a runed translucent gate.
  4939 | Bailey   | XOM: scenery: 1 doors close
  4948 | Bailey   | Found a runed translucent gate.
  4949 | Bailey   | Found a runed translucent gate.
  5103 | Bailey   | XOM: polymorph hobgoblin -> quokka
  5103 | Bailey   | XOM: smoke on damage
  5113 | Bailey   | XOM: confuse monster(s)
  5115 | Bailey   | XOM: summons friendly ynoxinul
  5117 | Bailey   | Killed an orc warlord
  5118 | Bailey   | Reached skill level 7 in Fighting
  5118 | Bailey   | Reached skill level 5 in Necromancy
  5118 | Bailey   | Gained mutation: You are mostly covered in sharp spines.
                  | [demonic ancestry]
  5118 | Bailey   | Reached XP level 10. HP: 13/86 MP: 14/16
  5208 | Bailey   | XOM: divination: magic mapping
  5210 | Bailey   | Got Qeamn's Notes on the Foggy Fifth Circle
  5279 | D:7      | Gained mutation: You regenerate health from kills. [demonic
                  | ancestry]
  5279 | D:7      | Reached XP level 11. HP: 92/92 MP: 17/17
  5372 | D:7      | XOM: divination: detect creatures
  5470 | D:8      | Found a blossoming altar of Fedhas.
  5523 | D:8      | Found a staircase to the Lair.
  6302 | D:9      | Found a snail-covered altar of Cheibriados.
  6348 | D:9      | Noticed a two-headed ogre
  6348 | D:9      | XOM: scenery: 1 doors close
  6360 | D:9      | XOM: divination: magic mapping
  6362 | D:9      | XOM: summons 8 friendly demons
  6389 | D:9      | XOM: silly message
  6391 | D:9      | XOM: noise
  6392 | D:9      | Killed a two-headed ogre
  6393 | D:9      | Reached skill level 8 in Fighting
  6430 | D:9      | XOM: give mutations
  6430 | D:9      | Gained mutation: You are strong-willed. (Will+) [Xom's
                  | mischief]
  6430 | D:9      | Gained mutation: You have hidden genetic potential. [Xom's
                  | mischief]
  6510 | D:9      | Paralysed by a hornet for 3 turns
  6511 | D:9      | XOM: silly message
  6569 | D:9      | Found a shadowy altar of Dithmenos.
  6857 | D:10     | Entered Level 10 of the Dungeon
  6865 | D:10     | Found Eqischyvo's Armour Emporium.
  6865 | D:10     | XOM: blink monster(s)
  6866 | D:10     | Found a staircase to the Orcish Mines.
  6866 | D:10     | Noticed Joseph
  6875 | D:10     | XOM: smoke on damage
  6880 | D:10     | XOM: confuse monster(s)
  6884 | D:10     | Killed Joseph
  6888 | D:10     | Noticed Grum
  6890 | D:10     | Found Kayku's Weapon Emporium.
  6893 | D:10     | Killed Grum
  6971 | D:10     | XOM: 2-stop teleportation journey
  7176 | D:10     | Identified the maw talisman of Veaf {rElec Int+3 Stlth+}
  7290 | D:10     | XOM: summons 1 hostile shadow creature
  7371 | D:10     | Reached skill level 9 in Fighting
  7555 | Orc:1    | Entered Level 1 of the Orcish Mines
  7555 | Orc:1    | Noticed an orc high priest
  7609 | Lair:1   | Entered Level 1 of the Lair of Beasts
  7630 | Lair:1   | Reached XP level 12. HP: 104/104 MP: 13/18
  7702 | Lair:1   | Identified the +0 leather armour of Anaesthesia {rC- Regen+
                  | Dex+6}
  7721 | Lair:1   | Reached skill level 1 in Dodging
  8041 | Lair:1   | Learned a level 3 spell: Call Canine Familiar
  8142 | Lair:1   | Gained mutation: You expend magic power (3 MP) to
                  | strengthen your wands. [hidden potential]
  8172 | Lair:1   | Reached skill level 1 in Summonings
  8207 | Lair:1   | Reached skill level 10 in Stealth
  8221 | Lair:1   | XOM: summons 7 hostile demons
  8247 | Lair:2   | XOM: polymorph elephant -> golden eye
  8248 | Lair:2   | Noticed an eight-headed hydra
  8250 | Lair:2   | XOM: scenery: summon butterflies
  8251 | Lair:2   | Reached skill level 10 in Armour
  8257 | Lair:2   | Killed a ten-headed hydra
  8258 | Lair:2   | Reached skill level 10 in Fighting
  8312 | Lair:2   | XOM: 3-stop teleportation journey
  8384 | Lair:2   | Found a staircase to the Swamp.
  8398 | Lair:2   | XOM: divine lightning
  8429 | Lair:2   | XOM: cleaving
  8567 | Lair:2   | Reached XP level 13. HP: 98/114 MP: 19/19
  8772 | Lair:2   | XOM: 6-stop teleportation journey
  9051 | Lair:3   | XOM: confusion
  9055 | Lair:3   | Found a staircase to the Snake Pit.
  9056 | Lair:3   | XOM: confusion (+ monsters)
  9346 | Lair:3   | Gained mutation: You have a pair of small antennae on your
                  | head. [hidden potential]
  9346 | Lair:3   | Lost mutation: You have hidden genetic potential. [hidden
                  | potential expressed]
  9395 | Lair:3   | XOM: silly message
  9475 | Lair:3   | Reached skill level 5 in Dodging
  9525 | Lair:3   | Reached skill level 5 in Summonings
  9527 | Lair:3   | Reached skill level 11 in Fighting
  9947 | Lair:3   | XOM: silly message
 10230 | Lair:4   | XOM: summons 2 hostile demons
 11000 | Lair:5   | Entered Level 5 of the Lair of Beasts
 11215 | Lair:5   | Reached skill level 12 in Fighting
 11337 | Lair:5   | XOM: cloud trail
 11452 | Lair:5   | XOM: smoke on damage
 11453 | Lair:5   | Found a staircase to the Slime Pits.
 11505 | Lair:5   | XOM: divination: detect creatures
 11518 | Lair:5   | Reached XP level 14. HP: 84/127 MP: 12/20
 11809 | Lair:5   | Reached skill level 13 in Fighting
 11878 | Lair:5   | XOM: noise
 11918 | Lair:5   | Got Xomigis's Handbook of Azure Sciomancy
 11987 | Lair:5   | Learned a level 4 spell: Martyr's Knell
 12144 | Lair:5   | XOM: polymorph inugami -> jackal
 12192 | Lair:5   | XOM: summons 2 hostile shadow creatures
 12356 | Lair:5   | XOM: cleaving
 12356 | Lair:5   | Paralysed by a hornet for 1 turns
 12360 | Lair:5   | Paralysed by a hornet for 2 turns
 12531 | Lair:5   | XOM: polymorph fire dragon -> salamander
 13349 | D:11     | Noticed Fannar
 13354 | D:11     | XOM: repel stairs
 13360 | D:11     | Killed Fannar
 13405 | D:11     | XOM: polymorph orc warrior -> steam dragon
 13728 | D:12     | XOM: enchant monster (bad)
 13742 | D:12     | XOM: 2-stop teleportation journey
 13747 | D:12     | XOM: enchant monster (good)
 13766 | D:12     | Killed from afar by an acid dragon

Illustrated notes

Levels and vault maps discovered:
D:1:      roderic_crossed_star, layout_basic, shapermc_ecumenical_altar_petra,
          roderic_roman_lattice, serial_bayou_pond_b,
          hangedman_abyss_or_decor_lesser_grid, kennysheep_crisscross,
          minmay_misc_feat_four_crosses
D:2:      layout_loops_ring
D:3:      layout_loops_ring, minmay_misc_feat_five, kennysheep_flooded_box
D:4:      layout_gridville, uniq_robin
D:5:      layout_basic, minmay_diced_spiral, uniq_menkaure
D:6:      layout_basic, uniq_duvessa
D:7:      layout_basic, lemuel_doored_altar, minmay_temple_entry_grid,
          enter_bailey_3, serial_shops, shop
D:8:      layout_loops_corners, fedhas_altar_4, erik_lair_orcish_takeover,
          serial_ice, serial_ice_g, serial_ice_n, serial_ice_k, serial_ice_e,
          serial_ice_o, serial_ice_m, serial_ice_a, serial_ice_b, serial_ice_h,
          serial_ice_c
D:9:      layout_roguey, grunt_dithmenos_shadows, kennysheep_little_box
D:10:     layout_long_grid, orc_david_3, uniq_joseph, uniq_grum
D:11:     layout_irregular_city, gauntlet_entry_generic,
          chequers_decorated_corner, uniq_fannar
D:12:     layout_basic, lemuel_flame_loot_1
Lair:1:   layout_loops_ring, enter_volcano_2, grunt_megastairs_1,
          serial_bayou_shore_b, infiniplex_staircase_pool
Lair:2:   layout_gridlike, minmay_swamp_entry_swarm, minmay_hedge_maze,
          grunt_megastairs_4, serial_bayou_shore_b
Lair:3:   layout_cave_pods, guppyfry_snake_entry_island,
          chequers_serial_rivers_small_b, beast_lair_carwin_3
Lair:4:   layout_cave_pods, lemuel_fruit_fields, grunt_megastairs_2,
          serial_bayou_shore_a
Lair:5:   wormcave, layout_hall_layers, hangedman_lair_in_review,
          minmay_slime_entry_oklob_open
Orc:1:    layout_diamond_mine, basic_altar, nicolae_orc_stalacmites,
          kennysheep_orc_sif_temple

Skill      XL: |  1  2  3  4  5  6  7  8  9 10 11 12 13 14 |
---------------+-------------------------------------------+-----
Short Blades   | 3 4 5 6 |  6.9
Stealth        | 1 2 3 4 5 6 7 9 10 | 10.5
Fighting       | 4 5 6 7 9 10 12 13 | 13.8
Necromancy     | 3 5 9 |  9.3
Spellcasting   | 2 4 |  4.1
Armour         | 2 4 7 9 10 | 10.4
Dodging        | 4 7 9 |  9.5
Summonings     | 3 5 6 |  6.5
Long Blades    | |  0.2

Action                     |  1- 3 |  4- 6 |  7- 9 | 10-12 | 13-15 || total
---------------------------+-------+-------+-------+-------+-------++-------
  Melee: Short sword       |    73 |       |       |       |       ||    73
         Quick blade       |    75 |    54 |       |       |       ||   129
         Great sword       |       |    36 |   141 |   249 |   313 ||   739
         Touch             |       |     3 |       |       |       ||     3
   Cast: Fugue of the Fall |       |       |       |    18 |    21 ||    39
         Animate Dead      |       |       |       |    11 |    16 ||    27
         Call Canine Famil |       |       |       |     1 |    10 ||    11
         Martyr's Knell    |       |       |       |       |    12 ||    12
  Evoke: Wand              |       |       |       |     5 |     2 ||     7
         Phial of floods   |       |       |       |     1 |     2 ||     3
    Use: Scroll            |     3 |     7 |     8 |     4 |     7 ||    29
         Potion            |     2 |     5 |     7 |     1 |     3 ||    18
   Stab: Petrifying        |     2 |       |       |       |     1 ||     3
         Sleeping          |     3 |     5 |     8 |    11 |    17 ||    44
         Paralysed         |     1 |       |       |     1 |     2 ||     4
         Distracted        |       |     1 |     2 |     3 |    12 ||    18
         Invisible         |       |       |     3 |       |       ||     3
         Confused          |       |       |       |     3 |     1 ||     4
 Armour: Leather armour    |    53 |    56 |    34 |   110 |   282 ||   535
         Ring mail         |       |       |    75 |   252 |       ||   327
         Skin              |       |       |    12 |     1 |       ||    13
  Dodge: Dodged            |    66 |    34 |    86 |   291 |   610 ||  1087
